 Dungeon Crawl Stone Soup version 0.17-a0-2101-g0c122e7 (webtiles) character file.

4492 brucemayne the Severer (level 10, -9/77 HPs)
             Began as a Hill Orc Berserker on Oct 18, 2015.
             Was a High Priest of Trog.
             Mangled by brucemayne's ghost (26 damage)
             ... on level 2 of the Orcish Mines.
             The game lasted 00:14:59 (2671 turns).

brucemayne the Severer (Hill Orc Berserker)         Turns: 2671, Time: 00:14:59

Health: -9/77      AC: 16    Str: 21    XL:     10   Next: 38%
Magic:  10/10      EV:  2    Int:  8    God:    Trog [*****.]
Gold:   675        SH:  0    Dex: 10    Spells: 0 memorised, 9 levels left

rFire  . . .     SeeInvis .     E - +0 broad axe
rCold  . . .     Clarity  .     H - +0 plate armour (curse)
rNeg   . . .     SustAt   .     (no shield)
rPois  .         Gourm    .     (helmet restricted)
rElec  .         Spirit   .     (no cloak)
rCorr  .         Warding  .     f - +1 pair of gloves
rMut   .         Stasis   .     (no boots)
MR     .....                    m - amulet of rage
Stlth  ..........               (no ring)
                                (no ring)

@: lethally poisoned (-9 -> -37), not resistant to hostile enchantments,
extremely unstealthy
A: beak, blink, shaggy fur 1, weak 1, subdued magic 1, MP-powered wands
a: Blink, Burn Spellbooks, Berserk, Trog's Hand, Brothers in Arms, Renounce
Religion, Evoke Berserk Rage


You were on level 2 of the Orcish Mines.
You worshipped Trog.
Trog was extremely pleased with you.
You were not hungry.

You visited 3 branches of the dungeon, and saw 14 of its levels.

You collected 675 gold pieces.

Inventory:

Hand Weapons
 a - a +0 hand axe
 z - a +0 battleaxe
 E - a +0 broad axe (weapon)
 G - a +2 scimitar of flaming
Armour
 b - a +0 animal skin
 f - a +1 pair of gloves (worn)
 l - a cursed +0 shield
 o - a +0 ring mail
 F - a +0 chain mail
 H - a cursed +0 plate armour (worn)
Jewellery
 m - an amulet of rage (around neck)
 D - an uncursed ring of fire
Wands
 B - a wand of random effects (19)
Scrolls
 h - 2 scrolls of immolation
 p - 3 scrolls of teleportation
 q - a scroll of amnesia
 t - 2 scrolls of enchant weapon {unknown}
Potions
 d - 2 potions of ambrosia
 e - a potion of brilliance {unknown}
 j - 2 potions of lignification
 n - a potion of heal wounds {unknown}
 r - a potion of curing
 u - a potion of invisibility {unknown}
 w - a potion of haste {unknown}
 x - a potion of flight {unknown}
Books
 s - a book of Fire

   Spells                             Type                      Level
   a - Ignite Poison                  Fire/Transmutation/Poison    3
   b - Fireball                       Conjuration/Fire             5
   c - Bolt of Fire                   Conjuration/Fire             6
   d - Delayed Fireball               Conjuration/Fire             7
   e - Ring of Flames                 Charms/Fire                  7
   Trog disapproves of the use of such an item.
 y - a book of Clouds

   Spells                             Type                      Level
   a - Mephitic Cloud                 Conjuration/Poison/Air       3
   b - Conjure Flame                  Conjuration/Fire             3
   c - Poisonous Cloud                Conjuration/Poison/Air       6
   d - Freezing Cloud                 Conjuration/Ice/Air          6
   e - Ring of Flames                 Charms/Fire                  7
   Trog disapproves of the use of such an item.
Comestibles
 c - a bread ration
 g - 2 meat rations
 i - a royal jelly
 v - 4 fruits
 C - a slice of pizza


   Skills:
 + Level 3.6 Fighting
 + Level 17.0 Axes
 - Level 6.4 Armour
 - Level 1.5 Dodging


You had 9 spell levels left.
You didn't know any spells.

Dungeon Overview and Level Annotations

Branches:
Dungeon (9/15)             Temple (1/1) D:6             Orc (4/4) D:9
    Elf (0/3) Orc:3
   Lair: D:8-11

Altars:
Ashenzari
Cheibriados
Dithmenos
Elyvilon
Fedhas
Kikubaaqudgha
Nemelex Xobeh
Okawaru
Qazlal
Ru
Sif Muna
Trog
Zin
The Shining One

Shops:
Orc:1 %

Annotations:
Orc:2 brucemayne's ghost, journeyman HOBe


Innate Abilities, Weirdness & Mutations

You have a beak for a mouth.
You can translocate small distances at will.
You are covered in fur (AC +1).
You are weak. (Str -2)
Your spells are a little easier to cast, but a little less powerful.
You expend magic power (3 MP) to strengthen your wands.


Message History

You climb upwards.
Brucemayne's ghost turns its malevolent gaze towards you.
Found 17 gold pieces.
Found an escape hatch in the ceiling.
There is a stone staircase leading down here.
Brucemayne's ghost hits you!! Brucemayne's ghost hits you!!
You are poisoned.
Found 14 gold pieces.
You feel very sick. Brucemayne's ghost hits you!
You are lethally poisoned!
* * * LOW HITPOINT WARNING * * *
You feel very sick.
* * * LOW HITPOINT WARNING * * *
You feel very sick.
Brucemayne's ghost whispers, "The ORB doesn't exist."
There is a stone staircase leading down here.
* * * LOW HITPOINT WARNING * * *
You feel sick. Brucemayne's ghost hits you!!
You die...

...# ...#
## ...# .##
...#..#
.....#
....####
####<...$.#
#@W....#
##......#
$....#..##
.......####
#........
###....###
#.#..##
###.#


You could see brucemayne's ghost.

Vanquished Creatures
  The ghost of cireshan the Eclecticist, a journeyman DECj of Sif Muna (Orc:4)
  Erica (Orc:1)
  Psyche (D:9)
  A polar bear (D:8)
  A hungry ghost (Orc:2)
  6 orc warriors
  A black bear (D:6)
  A sky beast (D:4)
  3 ogres
  A centaur (D:6)
  3 gnoll sergeants (D:6)
  An orc priest (Orc:1)
  A quasit (D:5)
  3 crimson imps
  A centaur skeleton (D:9)
  2 giant frog skeletons
  3 hounds
  A worker ant (D:5)
  An iguana (D:7)
  14 orc wizards
  8 adders
  7 gnolls (D:6)
  A shadow imp (D:6)
  An adder skeleton (D:9)
  A giant gecko (D:3)
  77 orcs
  4 bats (D:1)
  5 goblins
  9 hobgoblins (D:1)
  11 jackals
  4 kobolds (D:1)
  2 ball pythons
  A giant cockroach (D:5)
  A quokka skeleton (D:4)
  2 rats
181 creatures vanquished.

Vanquished Creatures (collateral kills)
  An orc priest (Orc:1)
  An orc wizard (Orc:1)
  3 orcs (Orc:1)
5 creatures vanquished.

Grand Total: 186 creatures vanquished

Notes
Turn   | Place    | Note
--------------------------------------------------------------
     0 | D:1      | brucemayne the Hill Orc Berserker began the quest for the Orb.
     0 | D:1      | Reached XP level 1. HP: 19/19 MP: 1/1
   125 | D:1      | Reached XP level 2. HP: 15/26 MP: 2/2
   162 | D:1      | Reached skill level 5 in Axes
   331 | D:1      | Reached ** piety under Trog
   340 | D:1      | Reached XP level 3. HP: 11/31 MP: 3/3
   454 | D:3      | Found a shadowy altar of Dithmenos.
   466 | D:3      | Reached skill level 6 in Axes
   598 | D:5      | Entered Level 5 of the Dungeon
   641 | D:4      | Noticed a sky beast
   651 | D:4      | Killed a sky beast
   651 | D:4      | Reached skill level 7 in Axes
   651 | D:4      | Reached XP level 4. HP: 39/39 MP: 4/4
   651 | D:4      | Reached XP level 5. HP: 45/45 MP: 5/5
   657 | D:4      | Gained mutation: You expend magic power (3 MP) to strengthen your wands. [mutagenic meat]
   658 | D:4      | Gained mutation: You can translocate small distances at will. [mutagenic meat]
   659 | D:4      | Gained mutation: You are weak. (Str -2) [mutagenic meat]
   660 | D:4      | Gained mutation: You are covered in fur (AC +1). [mutagenic meat]
   661 | D:4      | Gained mutation: Your spells are a little easier to cast, but a little less powerful. [mutagenic meat]
   662 | D:4      | Gained mutation: You have a beak for a mouth. [mutagenic meat]
   713 | D:5      | Reached skill level 8 in Axes
   736 | D:5      | Noticed an ogre
   753 | D:5      | Killed an ogre
   753 | D:5      | Reached XP level 6. HP: 40/51 MP: 6/6
   798 | D:5      | Reached skill level 9 in Axes
   964 | D:6      | Reached skill level 10 in Axes
   964 | D:6      | Reached XP level 7. HP: 57/57 MP: 7/7
  1010 | D:6      | Found a staircase to the Ecumenical Temple.
  1019 | Temple   | Entered the Ecumenical Temple
  1112 | D:6      | Reached skill level 11 in Axes
  1182 | D:6      | Reached XP level 8. HP: 64/64 MP: 8/8
  1236 | D:6      | Reached skill level 12 in Axes
  1312 | D:7      | Reached *** piety under Trog
  1581 | D:5      | Found a deep blue altar of Sif Muna.
  1729 | D:8      | Noticed a polar bear
  1729 | D:8      | a scorpion changed into a polar bear
  1736 | D:8      | Killed a polar bear
  1736 | D:8      | Reached skill level 13 in Axes
  1786 | D:9      | Found a staircase to the Orcish Mines.
  1804 | D:9      | Noticed Psyche
  1815 | D:9      | Killed Psyche
  1815 | D:9      | Reached skill level 14 in Axes
  1815 | D:9      | Reached XP level 9. HP: 70/70 MP: 9/9
  1871 | Orc:1    | Entered Level 1 of the Orcish Mines
  1887 | Orc:1    | Reached **** piety under Trog
  1932 | Orc:1    | Reached skill level 15 in Axes
  2103 | Orc:1    | Found Tocsoazo's Food Emporium.
  2166 | Orc:1    | Reached ***** piety under Trog
  2212 | Orc:1    | Noticed Erica
  2234 | Orc:1    | Killed Erica
  2234 | Orc:1    | Reached skill level 16 in Axes
  2234 | Orc:1    | Reached XP level 10. HP: 77/77 MP: 10/10
  2423 | Orc:3    | Reached skill level 5 in Armour
  2500 | Orc:3    | Found a staircase to the Elven Halls.
  2543 | Orc:4    | Entered Level 4 of the Orcish Mines
  2543 | Orc:4    | Noticed cireshan's ghost (journeyman DECj)
  2555 | Orc:4    | Killed cireshan's ghost
  2556 | Orc:4    | Noticed an orc knight
  2596 | Orc:2    | Reached skill level 17 in Axes
  2664 | Orc:2    | Noticed brucemayne's ghost (journeyman HOBe)
  2671 | Orc:2    | Mangled by brucemayne's ghost

Vault maps used:
D:1:      lightli_arrival_farm
D:2:      first_bread, grunt_ministairs_5, uniq_jessica
D:3:      old_standard_altar
D:4:      uniq_duvessa, uniq_natasha
D:5:      lemuel_crystal_altar, hangedman_decor_lopped
D:6:      minmay_temple_entry_grid, serial_shops,
          nicolae_shop_overgrown_old_shop, serial_gnoll_camp,
          gnoll_camp_huts_basic, gnoll_camp_mini_doghouse, gnoll_camp_mini_hut,
          gnoll_camp_mini_doghouse, gnoll_camp_mini_loothouse
D:7:      serial_column_ruins, column_ruins_square_small, column_ruins_hut,
          column_ruins_columns_straight, column_ruins_grid_1,
          column_ruins_open_medium, column_ruins_grid_1
D:9:      lemuel_troll_bridge, grunt_temple_overflow_open, orc_0_dummy,
          uniq_psyche, uniq_erolcha
Temple:   triangle_lava_temple_12
Orc:1:    serial_shops, nicolae_shop_scaring_up_business, uniq_erica
Orc:2:    minmay_goldmine
Orc:3:    nicolae_orc_pool_cavern
Orc:4:    grunt_orc_gardens, grunt_orc_garden, grunt_orc_garden,
          grunt_orc_garden, grunt_orc_garden

Action                   |  1- 3 |  4- 6 |  7- 9 | 10-12 || total
-------------------------+-------+-------+-------+-------++-------
Melee: Hand axe          |    91 |    66 |    68 |       ||   225
       Battleaxe         |       |       |    74 |       ||    74
       Broad axe         |       |       |    79 |    65 ||   144
Invok: Berserk           |     5 |     3 |     8 |     1 ||    17
       Trog's Hand       |       |     2 |     4 |     1 ||     7
       Brothers in Arms  |       |       |       |     1 ||     1
Evoke: Wand              |       |       |     1 |       ||     1
  Use: Scroll            |       |       |     7 |       ||     7
  Eat: Chunk             |     4 |    10 |    18 |     2 ||    34
       Beef jerky        |       |       |       |     1 ||     1
